 Dungeon Crawl Stone Soup version 0.17-a0-1399-gd5b76e1 (webtiles) character file.

18 Kisielow the Insei (level 2, -1/21 HPs)
             Began as a Merfolk Transmuter on June 18, 2015.
             Slain by a hobgoblin
             ... wielding a +0 club
              (7 damage)
             ... on level 1 of the Dungeon.
             The game lasted 00:01:03 (604 turns).

Kisielow the Insei (Merfolk Transmuter)              Turns: 604, Time: 00:01:03

Health: -1/21      AC:  2    Str: 10    XL:     2   Next: 70%
Magic:  4/5        EV: 13    Int: 12    God:
Gold:   38         SH:  0    Dex: 14    Spells: 1 memorised, 4 levels left

rFire  . . .     SeeInvis .       - Unarmed
rCold  . . .     Clarity  .     b - +0 robe
rNeg   . . .     SustAt   .     (no shield)
rPois  .         Gourm    .     (no helmet)
rElec  .         Spirit   .     (no cloak)
rCorr  .         Warding  .     (no gloves)
rMut   .         Stasis   .     (no boots)
MR     .....                    (no amulet)
Stlth  +.........               (no ring)
                                (no ring)

@: appendage (expiring), very slightly contaminated, not resistant to hostile
enchantments, very unstealthy
A: change form in water, swift swim, horns 2
a: End Transformation


You were on level 1 of the Dungeon.
You were not hungry.
You had grown temporary horns.
You visited 1 branch of the dungeon, and saw 1 of its levels.

You collected 38 gold pieces.

Inventory:

Missiles
 a - 12 arrows
 k - 9 arrows of dispersal
Armour
 b - a +0 robe (worn)
Jewellery
 l - a cursed ring of teleportation {unknown}
Scrolls
 e - a scroll of teleportation {unknown}
 h - a scroll of identify {unknown}
 i - a scroll of noise {unknown}
Potions
 f - a potion of lignification {unknown}
 j - a potion of curing {unknown}
Books
 c - a book of Changes

   Spells                             Type                      Level
   a - Beastly Appendage              Transmutation                1
   b - Sticks to Snakes               Transmutation                2
   c - Spider Form                    Transmutation/Poison         3
   d - Ice Form                       Ice/Transmutation            4
   e - Blade Hands                    Transmutation                5
Comestibles
 d - a bread ration


   Skills:
 - Level 1.1 Fighting
 - Level 2.6 Dodging
 + Level 4.3 Unarmed Combat
 - Level 2.0 Spellcasting
 - Level 2.6 Transmutations


You had 4 spell levels left.
You knew the following spells:

 Your Spells              Type           Power        Failure   Level  Hunger
a - Beastly Appendage     Trmt           #.....       12%         1    ##.....


Dungeon Overview and Level Annotations

Branches:
Dungeon (1/15)

Altars:


Innate Abilities, Weirdness & Mutations

You revert to your normal form in water.
You are very nimble and swift while swimming.
You have a pair of horns on your head.


Message History

Casting: Beastly Appendage
Confirm with . or Enter, or press ? or * to list all spells.
You grow a pair of large bovine horns.
The goblin closely misses you.
You hit the goblin.
The goblin is moderately wounded.
The goblin hits you with a club.
You hit the goblin.
You kill the goblin!
The hobgoblin hits you with a club.
Found a scroll labeled YHOQEA UMUOM.
You barely miss the hobgoblin. The hobgoblin hits you with a club.
* * * LOW HITPOINT WARNING * * *
You are too injured to fight recklessly!
You are too injured to fight recklessly!
You are too injured to fight recklessly!
You are too injured to fight recklessly!
You barely miss the hobgoblin.
Your transformation is almost over.
The hobgoblin hits you with a club!
You die...

#############..........
.........# #..........
.........# #..........
.........# #..........
.........# #..........
.........# #..........
.........#############..
.......))...............
.......@.#########...#..
.>....g..............#..
.........######(##...###
.........# #.##...# #
...####### #..##(## # ?.
##.##.# # . #..#.####
##.#..... #.##...#


You could see a hobgoblin.

Vanquished Creatures
  A ball python (D:1)
  5 goblins (D:1)
  2 hobgoblins (D:1)
  3 kobolds (D:1)
  3 bats (D:1)
  5 rats (D:1)
19 creatures vanquished.

Notes
Turn   | Place    | Note
--------------------------------------------------------------
     0 | D:1      | Kisielow the Merfolk Transmuter began the quest for the Orb.
     0 | D:1      | Reached XP level 1. HP: 15/15 MP: 3/3
   182 | D:1      | Reached XP level 2. HP: 21/21 MP: 3/5
   195 | D:1      | Reached skill level 4 in Unarmed Combat
   604 | D:1      | Slain by a hobgoblin

Vault maps used:
D:1:      dpeg_arrival_radiant

Action                   || total
-------------------------++-------
Melee: Unarmed           ||    58
 Cast: Beastly Appendage ||     5
 Stab: Sleeping          ||     1
